 Dungeon Crawl Stone Soup version 0.17.1-1-g73c8601 (webtiles) character file.

4339 lucasterio the Basher (level 10, -3/70 HPs)
             Began as a Demonspawn Berserker on Dec 17, 2015.
             Was a High Priest of Trog.
             Slain by a killer bee (5 damage)
             ... on level 8 of the Dungeon.
             The game lasted 00:29:10 (8153 turns).

lucasterio the Basher (Demonspawn Berserker)        Turns: 8153, Time: 00:29:10

Health: -3/70      AC: 10    Str: 20    XL:     10   Next: 12%
Magic:  10/10      EV: 10    Int:  8    God:    Trog [*****.]
Gold:   578        SH:  0    Dex: 14    Spells: 0 memorised, 9 levels left

rFire  . . .     SeeInvis .     l - +2 whip (freeze)
rCold  . . .     Clarity  .     C - +0 scale mail
rNeg   . . .     SustAt   .     (no shield)
rPois  .         Gourm    .     (helmet restricted)
rElec  .         Spirit   .     (no cloak)
rCorr  .         Warding  .     (no gloves)
rMut   .         Stasis   .     (no boots)
MR     .....                    (no amulet)
Stlth  ..........               (no ring)
                                u - ring of flight

@: lethally poisoned (-3 -> -10), exhausted, slowed, very slow, not resistant to
hostile enchantments, extremely unstealthy
A: antennae 2, thin metallic scales 1, demonic guardian 2
a: Berserk, Trog's Hand, Brothers in Arms, Burn Spellbooks, Renounce Religion,
Evoke Flight


You were on level 8 of the Dungeon.
You worshipped Trog.
Trog was extremely pleased with you.
You were hungry.

You visited 1 branch of the dungeon, and saw 8 of its levels.
You also visited: Ossuary.

You collected 578 gold pieces.

Inventory:

Hand Weapons
 l - a +2 whip of freezing (weapon)
 B - a +0 shortbow
Missiles
 m - 56 arrows
 N - a throwing net (quivered)
 P - 3 tomahawks of returning
Armour
 n - a +0 leather armour
 C - a +0 scale mail (worn)
Jewellery
 u - a ring of flight (left hand)
Wands
 b - a wand of digging (14)
 w - a wand of digging (12)
Scrolls
 d - 3 scrolls of amnesia {unknown}
 e - 2 scrolls of identify
 g - 6 scrolls of teleportation
 r - 2 scrolls of fog {unknown}
 y - 3 scrolls of recharging {unknown}
 z - 2 scrolls of remove curse
 A - 3 scrolls of magic mapping {unknown}
 G - 3 scrolls of enchant armour {unknown}
 H - a scroll of brand weapon {unknown}
 Q - 2 scrolls of random uselessness {unknown}
 S - a scroll of enchant weapon {unknown}
Potions
 f - 2 potions of lignification
 h - 3 potions of invisibility
 j - 2 potions of flight {unknown}
 k - 4 potions of heal wounds
 p - 3 potions of haste
 s - 4 potions of brilliance
 v - 3 potions of degeneration
 D - a potion of agility {unknown}
 E - a potion of cancellation {unknown}
 J - 2 potions of magic {unknown}
 K - a potion of beneficial mutation {unknown}
 L - a potion of berserk rage {unknown}
 R - a potion of might {unknown}
Comestibles
 a - 3 chunks of flesh
 c - 4 bread rations
 t - 2 meat rations
 x - 5 fruits
 F - 2 slices of pizza
 M - 2 royal jellies


   Skills:
 - Level 3.0 Fighting
 * Level 11.2 Maces & Flails
 + Level 8.0 Armour
 - Level 1.7 Dodging


You had 9 spell levels left.
You didn't know any spells.

Dungeon Overview and Level Annotations

Branches:
Dungeon (8/15)             Temple (0/1) D:5            Lair (0/8) D:8

Altars:
Ashenzari
Dithmenos
Fedhas
Makhleb
Sif Muna
Trog


Innate Abilities, Weirdness & Mutations

You have a pair of antennae on your head.
You are partially covered in thin metallic scales (AC +2).
A demonic guardian rushes to your aid.


Message History

Your ice devil closely misses the killer bee.
A killer bee comes into view.
The killer bee buzzes angrily.
The killer bee stings you but does no damage.
The killer bee stings you!
* * * LOW HITPOINT WARNING * * *
Your ice devil hits the killer bee!
The killer bee dies!
Trog accepts your kill.
Your ice devil disappears in a puff of smoke!
You feel sick.
The killer bee stings you but does no damage.
The killer bee stings you.
* * * LOW HITPOINT WARNING * * *
You are lethally poisoned!
The killer bee poisons you! The killer bee barely misses you.
The killer bee stings you.
* * * LOW HITPOINT WARNING * * *
The killer bee stings you.
You die...

#.(..#.#..)...........
#....#.########.###.#.
#....#.# #.#
#..#<#.#### #.#
#..#......## #.##
#..#.......# #..#
#..#..._...# ##.# .#
#..#.......### #.##.#
#..#.@..(....# #..#.#
#..#yyy......# ##.#.#.
#####..#.†.......#
#.#.#.
.........y...[...#
#.....
#############z.....).#
#...#.
......yyz{y..........#
##....
###y##z######........#
#.... .z{
#........#####...#
#.{.
'..........)......


You could see 4 killer bees and a wight.

Vanquished Creatures
  Erica (D:8)
  An elephant (D:8)
  A water moccasin (D:8)
  A sky beast (D:7)
  An ice beast (D:7)
  2 black bears
  A centaur (D:5)
  4 ogres
  3 phantoms
  A crocodile (D:8)
  4 giant frogs
  A water moccasin skeleton (D:7)
  8 killer bees
  3 scorpions
  A crimson imp (D:8)
  5 jellies (D:8)
  2 centaur zombies (D:7)
  4 iguanas
  A centaur skeleton (D:7)
  2 giant frog skeletons
  3 orc priests
  3 hounds
  3 worker ants (D:4)
  7 orc wizards
  A sheep (D:8)
  A big kobold zombie (Ossuary)
  A hound skeleton (D:7)
  8 mummies (Ossuary)
  6 adders
  A shadow imp (D:7)
  6 oozes
  An adder skeleton (D:6)
  3 worms
  4 giant geckos
  27 orcs
  11 bats
  8 giant cockroaches
  A gnoll zombie (Ossuary)
  10 hobgoblins
  8 jackals
  2 ball pythons
  4 giant newts
  7 goblins
  A hobgoblin zombie (Ossuary)
  7 kobolds
  2 kobold zombies (Ossuary)
  3 orc zombies (Ossuary)
  3 quokkas
  A quokka zombie (D:5)
  9 rats
199 creatures vanquished.

Vanquished Creatures (collateral kills)
  4 killer bees (D:8)
  A worker ant (D:7)
  A giant newt (D:5)
6 creatures vanquished.

Grand Total: 205 creatures vanquished

Notes
Turn   | Place    | Note
--------------------------------------------------------------
     0 | D:1      | lucasterio the Demonspawn Berserker began the quest for the Orb.
     0 | D:1      | Reached XP level 1. HP: 18/18 MP: 1/1
    74 | D:1      | Gained mutation: You have a pair of small antennae on your head. [demonic ancestry]
    74 | D:1      | Reached XP level 2. HP: 8/24 MP: 2/2
   439 | D:1      | Reached ** piety under Trog
   546 | D:1      | Reached XP level 3. HP: 24/29 MP: 3/3
  1351 | D:2      | Reached XP level 4. HP: 32/35 MP: 4/4
  1362 | D:2      | Found a deep blue altar of Sif Muna.
  1391 | D:2      | Reached skill level 4 in Maces & Flails
  2075 | D:3      | Reached *** piety under Trog
  2108 | D:3      | Found a shattered altar of Ashenzari.
  2403 | D:3      | Gained mutation: You have a pair of antennae on your head. [demonic ancestry]
  2403 | D:3      | Reached XP level 5. HP: 33/41 MP: 5/5
  2410 | D:3      | Found a bloodstained altar of Trog.
  3080 | D:4      | Found a blossoming altar of Fedhas.
  3082 | D:4      | Noticed an ogre
  3097 | D:4      | Killed an ogre
  3097 | D:4      | Reached skill level 5 in Maces & Flails
  3097 | D:4      | Reached XP level 6. HP: 41/47 MP: 6/6
  3425 | D:4      | Noticed a phantom
  3462 | D:4      | Killed a phantom
  3519 | D:4      | Reached skill level 6 in Maces & Flails
  3519 | D:4      | Gained mutation: A weak demonic guardian rushes to your aid. [demonic ancestry]
  3519 | D:4      | Reached XP level 7. HP: 52/52 MP: 7/7
  3943 | D:5      | Entered Level 5 of the Dungeon
  4371 | D:5      | Found a staircase to the Ecumenical Temple.
  4570 | D:5      | Reached skill level 7 in Maces & Flails
  4647 | D:6      | Reached **** piety under Trog
  4647 | D:6      | Reached skill level 5 in Armour
  4720 | D:6      | Gained mutation: You are partially covered in thin metallic scales (AC +2). [demonic ancestry]
  4720 | D:6      | Reached XP level 8. HP: 50/58 MP: 8/8
  4754 | D:6      | Found a sand-covered staircase.
  4758 | Ossuary  | Entered an ossuary
  5571 | D:6      | Reached skill level 8 in Maces & Flails
  5869 | D:6      | Found a burning altar of Makhleb.
  6246 | D:7      | Reached skill level 9 in Maces & Flails
  6519 | D:7      | Reached XP level 9. HP: 45/63 MP: 9/9
  7058 | D:7      | Reached ***** piety under Trog
  7270 | D:8      | Found a shadowy altar of Dithmenos.
  7323 | D:8      | Noticed Erica
  7353 | D:8      | Killed Erica
  7353 | D:8      | Reached skill level 10 in Maces & Flails
  7404 | D:8      | Found a staircase to the Lair.
  7404 | D:8      | Noticed an elephant
  7430 | D:8      | Killed an elephant
  7726 | D:8      | Reached skill level 11 in Maces & Flails
  7833 | D:8      | Gained mutation: A demonic guardian rushes to your aid. [demonic ancestry]
  7833 | D:8      | Reached XP level 10. HP: 33/70 MP: 10/10
  8153 | D:8      | HP: 2/70 [killer bee (4)]
  8153 | D:8      | Slain by a killer bee

Action                   |  1- 3 |  4- 6 |  7- 9 | 10-12 || total
-------------------------+-------+-------+-------+-------++-------
Melee: Mace              |    40 |       |       |       ||    40
       Whip              |   104 |   160 |   617 |    36 ||   917
Invok: Berserk           |     2 |     4 |     6 |     1 ||    13
  Use: Scroll            |       |     3 |     1 |     2 ||     6
       Potion            |       |     2 |     1 |     1 ||     4
 Stab: Sleeping          |       |     1 |       |       ||     1
       Distracted        |       |       |     2 |       ||     2
  Eat: Chunk             |     4 |     8 |    22 |     1 ||    35
       Pizza             |       |     1 |       |       ||     1
